 Dungeon Crawl Stone Soup version 0.17.1-3-g152610e (webtiles) character file.

1869 Peloso the Covered (level 8, -1/71 HPs)
             Began as a Minotaur Fighter on Apr 3, 2016.
             Was a Believer of Okawaru.
             Slain by Joseph
             ... wielding a +4 quarterstaff of speed
              (12 damage)
             ... on level 7 of the Dungeon.
             The game lasted 00:19:41 (5558 turns).

Peloso the Covered (Minotaur Fighter)               Turns: 5558, Time: 00:19:41

Health: -1/71      AC: 13    Str: 21    XL:     8   Next: 90%
Magic:  7/7        EV: 10    Int:  5    God:    Okawaru [**....]
Gold:   304        SH: 10    Dex:  8    Spells: 0 memorised, 7 levels left

rFire  + + +     SeeInvis .     d - +2 falchion
rCold  + . .     Clarity  .     G - +2 scale mail of Impressiveness {*Confuse rF+++ rC+ Dex-4}
rNeg   + . .     SustAt   .     c - +0 shield
rPois  .         Gourm    .     (helmet restricted)
rElec  .         Spirit   .     t - +1 cloak
rCorr  +         Warding  .     p - +0 pair of gloves
rMut   .         Stasis   .     (no boots)
MR     .....                    C - amulet of resist corrosion
Stlth  ..........               (no ring)
                                f - ring of positive energy

@: not resistant to hostile enchantments, extremely unstealthy
A: retaliatory headbutt, horns 2
a: Heroism, Renounce Religion


You were on level 7 of the Dungeon.
You worshipped Okawaru.
Okawaru was pleased with you.
You were hungry.

You visited 2 branches of the dungeon, and saw 8 of its levels.

You collected 304 gold pieces.

Inventory:

Hand Weapons
 a - a +0 long sword
 d - a +2 falchion (weapon)
 h - a +1 dagger of flaming
 D - a +3 short sword
 J - a +0 whip of freezing
 K - a +1 halberd
Armour
 b - a +0 scale mail
 c - a +0 shield (worn)
 p - a +0 pair of gloves (worn)
 t - a +1 cloak (worn)
 G - the +2 scale mail of Impressiveness (worn) {*Confuse rF+++ rC+ Dex-4}
   (You found it on level 4 of the Dungeon)

   It affects your dexterity (-4).
   It renders you almost immune to fire.
   It protects you from cold.
   It may confuse you when you take damage.
 M - a +0 chain mail
Jewellery
 f - a ring of positive energy (left hand)
 C - an amulet of resist corrosion (around neck)
Wands
 w - a wand of digging (5)
Scrolls
 g - 3 scrolls of identify
 i - 4 scrolls of recharging
 j - a scroll of amnesia
 k - 4 scrolls of teleportation
 o - 2 scrolls of fear
 y - 2 scrolls of remove curse
 E - a scroll of blinking {unknown}
 F - a scroll of enchant weapon {unknown}
 I - a scroll of random uselessness {unknown}
Potions
 n - 4 potions of curing
 q - a potion of haste
 z - a potion of cure mutation
 A - a potion of cancellation
 L - a potion of brilliance {unknown}
Comestibles
 e - 6 bread rations
 m - a slice of pizza
 r - 4 meat rations
 u - 6 fruits
 H - 2 royal jellies


   Skills:
 + Level 6.3 Fighting
 + Level 6.3 Long Blades
 + Level 7.8 Armour
 + Level 5.4 Dodging
 + Level 0.6 Stealth
 + Level 7.3 Shields


You had 7 spell levels left.
You didn't know any spells.

Dungeon Overview and Level Annotations

Branches:
Dungeon (7/15)             Temple (1/1) D:4

Altars:
Elyvilon
Kikubaaqudgha
Okawaru
Yredelemnul
The Shining One

Annotations:
D:7 Joseph


Innate Abilities, Weirdness & Mutations

You reflexively headbutt those who attack you in melee.
You have a pair of horns on your head.


Message History

Joseph is lightly wounded.
You block Joseph's attack.
You hit Joseph.
Joseph is moderately wounded.
Joseph hits you with an uncursed quarterstaff of speed!
You barely miss Joseph.
Joseph is moderately wounded.
Joseph hits you with an uncursed quarterstaff of speed.
Your shield and scale mail of Impressiveness prevent you from hitting Joseph.
You headbutt Joseph.
Joseph is moderately wounded.
Joseph hits you with an uncursed quarterstaff of speed!
* * * LOW HITPOINT WARNING * * *
You barely miss Joseph.
Joseph is moderately wounded.
You block Joseph's attack.
You hit Joseph but do no damage. You headbutt Joseph.
Joseph is moderately wounded.
Joseph hits you with an uncursed quarterstaff of speed!
You die...

#................ ..
#................ ...
+................
...#####................
...............##'######
...............#....#
...............#....#
......@........#....#
.......@.......#'######
...#####(...............
#................
#.(.(............
#......[.........
#................
#...(.#+#########
#.....# #.....#


You could see Joseph.

Vanquished Creatures
  The ghost of CcS the Ruffian, a novice DrTm of Cheibriados (D:5)
  Sigmund (D:2)
  A phantom (D:5)
  An orc warrior (D:6)
  An ogre (D:5)
  A centaur (D:6)
  A water moccasin skeleton (D:5)
  A scorpion (D:5)
  4 wights (D:5)
  2 crimson imps
  An orc priest (D:5)
  6 orc wizards
  A hound (D:5)
  A centaur skeleton (D:5)
  A jelly (D:5)
  Jessica (D:3)
  A giant frog skeleton (D:5)
  3 iguanas
  3 worker ants
  8 gnolls
  2 adders
  A shadow imp (D:6)
  An ooze (D:1)
  An adder skeleton (D:4)
  A worm (D:3)
  4 giant geckos
  21 orcs
  10 giant cockroaches
  15 hobgoblins
  4 jackals
  2 ball pythons
  9 bats
  A giant gecko skeleton (D:6)
  A giant gecko zombie (D:5)
  6 giant newts
  14 goblins
  18 kobolds
  4 quokkas
  A quokka skeleton (D:5)
  A quokka zombie (D:6)
  4 rats
161 creatures vanquished.

Notes
Turn   | Place    | Note
--------------------------------------------------------------
     0 | D:1      | Peloso the Minotaur Fighter began the quest for the Orb.
     0 | D:1      | Reached XP level 1. HP: 19/19 MP: 0/0
   135 | D:1      | Reached skill level 4 in Fighting
   135 | D:1      | Reached XP level 2. HP: 27/27 MP: 1/1
   617 | D:2      | Reached XP level 3. HP: 33/33 MP: 2/2
  1102 | D:2      | Noticed Sigmund
  1109 | D:2      | Killed Sigmund
  1109 | D:2      | Reached skill level 1 in Dodging
  1109 | D:2      | Reached skill level 5 in Shields
  1109 | D:2      | Reached XP level 4. HP: 31/41 MP: 3/3
  1109 | D:2      | Reached XP level 5. HP: 35/47 MP: 4/4
  1253 | D:2      | Reached skill level 5 in Armour
  1555 | D:3      | Reached XP level 6. HP: 53/53 MP: 5/5
  1627 | D:3      | Found a glowing golden altar of the Shining One.
  1632 | D:3      | Found a basalt altar of Yredelemnul.
  1634 | D:3      | Noticed a profane servitor
  1653 | D:3      | Noticed Jessica
  1657 | D:3      | Killed Jessica
  2048 | D:3      | Noticed an angel
  2119 | D:4      | Found a staircase to the Ecumenical Temple.
  2132 | Temple   | Entered the Ecumenical Temple
  2141 | Temple   | Became a worshipper of Warmaster Okawaru
  2432 | D:4      | Got a pitted scale mail
  2443 | D:4      | Identified the +2 scale mail of Impressiveness {*Confuse rF+++ rC+ Dex-4} (You found it on level 4 of the Dungeon)
  2525 | D:4      | Reached skill level 5 in Fighting
  2872 | D:5      | Entered Level 5 of the Dungeon
  3003 | D:5      | Reached skill level 6 in Shields
  3011 | D:5      | Reached XP level 7. HP: 31/61 MP: 6/6
  3554 | D:5      | Noticed CcS's ghost (novice DrTm)
  3564 | D:5      | Killed CcS's ghost
  3564 | D:5      | Reached * piety under Okawaru
  3564 | D:5      | Reached skill level 5 in Long Blades
  3564 | D:5      | Reached XP level 8. HP: 44/69 MP: 7/7
  3695 | D:5      | Reached skill level 7 in Armour
  3879 | D:5      | Reached skill level 5 in Dodging
  4915 | D:6      | Found a white marble altar of Elyvilon.
  4956 | D:6      | Reached ** piety under Okawaru
  5385 | D:6      | Found an ancient bone altar of Kikubaaqudgha.
  5541 | D:7      | Noticed Joseph
  5558 | D:7      | Slain by Joseph

Action                   |  1- 3 |  4- 6 |  7- 9 || total
-------------------------+-------+-------+-------++-------
Melee: Long sword        |    98 |   206 |   137 ||   441
       Falchion          |       |       |    87 ||    87
  Use: Potion            |       |       |     2 ||     2
       Scroll            |       |       |    17 ||    17
  Eat: Chunk             |     1 |     6 |     8 ||    15
